 Dungeon Crawl Stone Soup version 0.22.0-6-g71bd7aa (webtiles) character file.

12239 benstark the Basher (level 11, -5/101 HPs)
             Began as a Minotaur Fighter on Aug 15, 2018.
             Was an Elder of Okawaru.
             Slain by a crocodile (6 damage)
             ... on level 11 of the Dungeon.
             The game lasted 00:34:41 (11172 turns).

benstark the Basher (Minotaur Fighter)             Turns: 11172, Time: 00:34:42

Health: -5/101     AC: 11    Str: 23    XL:     11   Next: 59%
Magic:  10/10      EV:  2    Int:  5    God:    Okawaru [****..]
Gold:   585        SH:  0    Dex: 11    Spells: 10/10 levels left

rFire    . . .     SeeInvis .   k - +1 morningstar (protect)
rCold    . . .     Gourm    +   t - +0 large shield
rNeg     + + +     Faith    .   b - +0 scale mail
rPois    ∞         Spirit   .   (helmet restricted)
rElec    .         Reflect  .   (no cloak)
rCorr    .         Harm     .   J - +0 pair of gloves
MR       .....                  g - +0 pair of boots
Stlth    +.........             h - amulet of the gourmand
HPRegen  0.26/turn              B - ring of stealth
MPRegen  0.12/turn              j - +3 ring of evasion

@: petrified
A: retaliatory headbutt, horns 2
a: Heroism, Renounce Religion


You were on level 11 of the Dungeon.
You worshipped Okawaru.
Okawaru was greatly pleased with you.
You were very full.

You visited 2 branches of the dungeon, and saw 12 of its levels.
You also visited: Ossuary.

You collected 637 gold pieces.
You spent 52 gold pieces at shops.

Inventory:

Hand Weapons
 a - a +0 flail
 k - a +1 morningstar of protection (weapon)
 x - a +0 spear
Missiles
 e - 436 stones (quivered)
 i - 5 throwing nets
Armour
 b - a +0 scale mail (worn)
 c - a +1 shield
 g - a +0 pair of boots (worn)
 t - a +0 large shield (worn)
 J - a +0 pair of gloves (worn)
Jewellery
 h - an amulet of the gourmand (around neck)
 j - a +3 ring of evasion (right hand)
 n - the amulet "Vinnaxoic" {Faith Fragile rElec Str+2}
   (You found it on level 7 of the Dungeon)

   [amulet of faith]

   It allows you to gain divine favour quickly.
   It affects your strength (+2).
   It insulates you from electricity.
   It will be destroyed if unequipped.
 u - a +6 ring of intelligence
 B - a ring of stealth (left hand)
Wands
 d - a wand of acid (13)
 r - a wand of flame (21)
 y - a wand of paralysis (18)
 A - a wand of disintegration (18)
Scrolls
 l - 3 scrolls of enchant armour
 p - a scroll of enchant weapon
 q - 6 scrolls of teleportation
 s - 4 scrolls of identify
 v - 2 scrolls of magic mapping
 z - 6 scrolls of remove curse
 D - a scroll of amnesia
 F - a scroll of summoning
 G - a scroll of vulnerability {unknown}
 K - a scroll of immolation {unknown}
Potions
 m - 2 potions of might
 o - 4 potions of agility
 w - 2 potions of brilliance
 C - 6 potions of curing
 E - a potion of invisibility
 H - a potion of flight {unknown}
 I - 2 potions of haste
Comestibles
 f - 21 rations


   Skills:
 + Level 10.6 Fighting
 * Level 13.7 Maces & Flails
 + Level 10.6 Armour
 + Level 10.5 Shields


You had 10 spell levels left.
You didn't know any spells.
Your spell library contained the following spells:

 Spells                   Type           Power        Failure   Level  Hunger
 Magic Dart               Conj           #...         100%        1    ##.....
 Iskenderun's Mystic Bla  Conj           #.......     100%        4    #####..
 Fulminant Prism          Conj/Hex       #.........   100%        4    #####..
 Dazzling Spray           Conj/Hex       #.....       100%        3    ####...
 Force Lance              Conj/Tloc      #.......     100%        4    #####..
 Searing Ray              Conj           #.....       100%        2    ###....


Dungeon Overview and Level Annotations

Branches:
Dungeon (11/15)            Temple (1/1) D:5
   Lair: D:8-11         Orc: D:9-12

Altars:
Ashenzari
Cheibriados
Dithmenos
Elyvilon
Fedhas
Gozag
Hepliaklqana
Kikubaaqudgha
Makhleb
Nemelex Xobeh
Okawaru
Qazlal
Ru
Sif Muna
Trog
Uskayaw
Vehumet
Wu Jian
Xom
Yredelemnul
Zin
The Shining One

Shops:
D:4 *

Annotations:
D:5 1 runed door
D:11 3 runed doors, ProzacElf's ghost, journeyman TeAE


Innate Abilities, Weirdness & Mutations

You reflexively headbutt those who attack you in melee.
You have a pair of horns on your head.


Message History

The crocodile bites you.
* * * LOW HITPOINT WARNING * * *
The yak barely misses you. The yak gores you!
* * * LOW HITPOINT WARNING * * *
The basilisk bites you. The crocodile bites you.
* * * LOW HITPOINT WARNING * * *
The yak gores you!
* * * LOW HITPOINT WARNING * * *
The yak gores you.
* * * LOW HITPOINT WARNING * * *
The basilisk bites you but does no damage.
The crocodile bites you.
* * * LOW HITPOINT WARNING * * *
The yak gores you.
* * * LOW HITPOINT WARNING * * *
The yak completely misses you. The basilisk bites you.
* * * LOW HITPOINT WARNING * * *
The crocodile bites you!
You die...

.#########..# #..# #...#
#.# ............# #..#
#...# #.# ............#
#...# #.# #############
##### ### # # #
###..#.######## # #.#
#####.#.###..†..... #
#...#....#........###.. #
.##...#..........####.##
# ......t@.....##### ###
# ....#.lYY.##.##### #
#....#...####....## #
......#.## ####..## #
#####.### #...# ###
##################### ..#
#..............# #.#
..########.......#####..#
#.# .................#
#..####.####


You could see 2 yaks, a basilisk and a crocodile.

Vanquished Creatures
  2 two-headed ogres
  A gargoyle (D:10)
  A komodo dragon (D:11)
  A troll (D:10)
  A wyvern (D:10)
  15 yaks
  2 steam dragons (D:11)
  Menkaure (D:6)
  6 soldier ants (D:5)
  5 water moccasins
  3 ice beasts
  3 orc warriors
  5 ogres
  A crocodile (D:11)
  A centaur (D:11)
  6 big kobolds
  Blork the orc (D:6)
  3 bullfrogs
  A gnoll sergeant (D:5)
  13 scorpions
  21 killer bees
  4 wights (D:8)
  4 centaur zombies
  4 jellies
  2 crimson imps
  A bullfrog zombie (D:6)
  A human zombie (Ossuary)
  A quasit (D:10)
  A bullfrog skeleton (D:8)
  10 orc wizards
  7 hounds
  A centaur skeleton (D:9)
  3 iguanas
  5 orc priests
  A gnoll shaman (D:7)
  Ijyb (D:4)
  16 worker ants
  2 big kobold zombies (Ossuary)
  3 mummies (Ossuary)
  Robin (D:3)
  2 worker ant zombies
  18 adders
  28 gnolls
  9 scorpion zombies (Ossuary)
  A shadow imp (D:11)
  2 adder skeletons
  An adder zombie (D:9)
  3 worms
  4 leopard geckos
  40 orcs
  7 giant cockroaches
  13 hobgoblins
  12 jackals
  6 quokkas
  5 bats
  4 frilled lizards
  2 gnoll zombies (Ossuary)
  17 goblins
  2 goblin zombies (Ossuary)
  A hobgoblin zombie (Ossuary)
  60 kobolds
  2 kobold zombies (Ossuary)
  A quokka skeleton (D:9)
  5 rats
406 creatures vanquished.

Vanquished Creatures (others)
  A scorpion (Ossuary)
1 creature vanquished.

Grand Total: 407 creatures vanquished

Notes
Turn   | Place    | Note
-------+----------+-------------------------------------------
     0 | D:1      | benstark the Minotaur Fighter began the quest for the Orb.
     0 | D:1      | Reached XP level 1. HP: 19/19 MP: 0/0
   165 | D:1      | Reached XP level 2. HP: 23/27 MP: 1/1
   293 | D:1      | Reached skill level 3 in Maces & Flails
   784 | D:2      | Reached XP level 3. HP: 24/33 MP: 2/2
   868 | D:2      | Found a faded altar of an unknown god.
   913 | D:2      | Found a glowing golden altar of the Shining One.
   922 | D:2      | Reached XP level 4. HP: 38/40 MP: 3/3
  1686 | D:3      | Reached skill level 4 in Maces & Flails
  1897 | D:3      | Reached XP level 5. HP: 47/47 MP: 4/4
  2506 | D:3      | Reached skill level 5 in Maces & Flails
  2506 | D:3      | Reached XP level 6. HP: 54/55 MP: 5/5
  2583 | D:3      | Reached skill level 5 in Fighting
  2583 | D:3      | Reached skill level 5 in Armour
  2583 | D:3      | Reached skill level 5 in Shields
  2847 | D:3      | Reached skill level 6 in Maces & Flails
  2859 | D:3      | Reached XP level 7. HP: 55/61 MP: 6/6
  3130 | D:3      | Noticed Robin
  3141 | D:3      | Killed Robin
  3182 | D:4      | Noticed Ijyb
  3199 | D:4      | Killed Ijyb
  3573 | D:4      | Found Ganuq's General Store.
  3580 | D:4      | Bought a scroll of identify for 26 gold pieces
  3580 | D:4      | Bought a scroll of identify for 26 gold pieces
  3730 | D:4      | Found a shadowy altar of Dithmenos.
  3730 | D:4      | Found a shattered altar of Ashenzari.
  4134 | D:5      | Entered Level 5 of the Dungeon
  4134 | D:5      | Found a staircase to the Ecumenical Temple.
  4143 | Temple   | Entered the Ecumenical Temple
  4491 | D:5      | Reached skill level 7 in Maces & Flails
  4822 | D:5      | Found a runed door.
  4843 | D:5      | Found the +9 staff of Olgreb {rPois}
  4844 | D:5      | Found a runed door.
  4866 | D:5      | Found a runed gate.
  4877 | D:5      | Found a runed gate.
  4877 | D:5      | Found a runed gate.
  4903 | D:5      | Reached XP level 8. HP: 70/70 MP: 7/7
  5263 | D:5      | Reached skill level 8 in Maces & Flails
  5287 | D:5      | Reached skill level 9 in Maces & Flails
  5297 | D:5      | Reached XP level 9. HP: 79/79 MP: 8/8
  5443 | D:6      | Reached skill level 10 in Maces & Flails
  5575 | D:6      | Found a burning altar of Makhleb.
  5624 | D:6      | Found a sand-covered staircase.
  5628 | Ossuary  | Entered an ossuary
  6088 | D:6      | Found an iron altar of Okawaru.
  6088 | D:6      | Found a bloodstained altar of Trog.
  6097 | D:6      | Became a worshipper of Warmaster Okawaru
  6115 | D:6      | Noticed Menkaure
  6121 | D:6      | Killed Menkaure
  6336 | D:6      | Reached skill level 11 in Maces & Flails
  6339 | D:6      | Noticed Blork the orc
  6347 | D:6      | Killed Blork the orc
  6793 | D:7      | Noticed a two-headed ogre
  6797 | D:7      | Reached XP level 10. HP: 90/90 MP: 9/9
  6809 | D:7      | Killed a two-headed ogre
  6809 | D:7      | Reached * piety under Okawaru
  7427 | D:7      | Got a scintillating ruby amulet
  7584 | D:8      | Found a white marble altar of Elyvilon.
  7594 | D:8      | Found a shimmering altar of Xom.
  7606 | D:8      | Reached ** piety under Okawaru
  7858 | D:8      | Noticed a two-headed ogre
  7871 | D:8      | Killed a two-headed ogre
  7871 | D:8      | Reached skill level 12 in Maces & Flails
  8414 | D:9      | Reached *** piety under Okawaru
  8437 | D:9      | Reached XP level 11. HP: 63/99 MP: 10/10
  8725 | D:9      | Found a hide-covered altar of Uskayaw.
  9075 | D:9      | Reached skill level 10 in Fighting
  9108 | D:10     | Entered Level 10 of the Dungeon
  9192 | D:10     | Reached skill level 10 in Armour
  9370 | D:10     | Identified the amulet "Vinnaxoic" {Faith Fragile rElec Str+2} (You found it on level 7 of the Dungeon)
  9401 | D:10     | Reached skill level 10 in Shields
  9429 | D:10     | Reached skill level 13 in Maces & Flails
  9959 | D:10     | Reached **** piety under Okawaru
 11038 | D:11     | Found a runed gate.
 11038 | D:11     | Found a runed gate.
 11038 | D:11     | Found a runed gate.
 11040 | D:11     | Noticed ProzacElf's ghost (journeyman TeAE)
 11171 | D:11     | HP: 4/101 [crocodile (3)]
 11172 | D:11     | HP: 1/101 [basilisk (1)]
 11172 | D:11     | Slain by a crocodile

Skill      XL: |  1  2  3  4  5  6  7  8  9 10 11 |
---------------+----------------------------------+-----
Maces & Flails | 3 4 5 6 7 9 11 12 13 | 13.7
Fighting       | 4 5 6 7 8 9 10 | 10.6
Armour         | 4 5 6 7 8 9 10 | 10.6
Shields        | 4 5 6 7 8 9 10 | 10.5

Action                   |  1- 3 |  4- 6 |  7- 9 | 10-12 || total
-------------------------+-------+-------+-------+-------++-------
Melee: Flail             |    78 |     8 |       |       ||    86
       Headbutt          |     8 |    35 |    72 |    88 ||   203
       Morningstar       |       |   193 |   362 |   459 ||  1014
Throw: Stone             |       |     1 |       |       ||     1
Invok: Heroism           |       |       |       |     2 ||     2
  Use: Scroll            |       |     1 |     6 |     9 ||    16
       Potion            |       |       |     5 |       ||     5
  Eat: Chunk             |       |     7 |     9 |    26 ||    42
       Ration            |       |       |     1 |       ||     1
Armor: Scale mail        |    36 |   108 |   132 |   127 ||   403
Dodge: Dodged            |    19 |    73 |   136 |   131 ||   359
Block: Shield            |    44 |   125 |   214 |    86 ||   469
       Large shield      |       |       |       |   254 ||   254
